| TOP OF THE 1ST |
|
Corpus Christi Hooks batting - Pitching for Midland RockHounds : LHP Katsumi Takaki
|
|
Pitching: LHP Katsumi Takaki
|
|
|
Batting: LHB Josh Corkery
|
0-0: Called Strike 0-1: Ground out U3 (Groundball, 3, EV 105.0 MPH)
|
|
Batting: LHB Bob Dietz
|
0-0: Foul Ball, location: 2F 0-1: Ball 1-1: Ground out 3-1 (Groundball, 34, EV 76.9 MPH)
|
|
Batting: RHB Bruce Bermudez
|
0-0: Ball 1-0: Called Strike 1-1: Ground out U3 (Groundball, 3, EV 106.9 MPH)
|
| Top of the 1st over - 0 runs, 0 hits, 0 errors, 0 left on base; Corpus Christi 0 - Midland 0 |
| BOTTOM OF THE 1ST |
|
Midland RockHounds batting - Pitching for Corpus Christi Hooks : RHP Arturo Vargas
|
|
Pitching: RHP Arturo Vargas
|
|
|
Batting: RHB Tony Crespo
|
0-0: Foul Ball, location: 2F 0-1: Ball 1-1: Ball 2-1: Foul Ball, location: 2F 2-2: Strikes out looking
|
|
Batting: RHB Travis Robinson
|
0-0: Ball 1-0: Swinging Strike 1-1: Called Strike 1-2: Foul Ball, location: 2F 1-2: Ball 2-2: Strikes out swinging
|
|
Batting: LHB Tom Raupp
|
0-0: Called Strike 0-1: Swinging Strike 0-2: Ground out 6-3 (Groundball, 4, EV 81.9 MPH)
|
| Bottom of the 1st over - 0 runs, 0 hits, 0 errors, 0 left on base; Corpus Christi 0 - Midland 0 |
| TOP OF THE 2ND |
|
Corpus Christi Hooks batting - Pitching for Midland RockHounds : LHP Katsumi Takaki
|
|
Batting: LHB Mark Dearth
|
0-0: Ball 1-0: Ball 2-0: Foul Ball, location: 2F 2-1: Swinging Strike 2-2: Ball 3-2: Foul Ball, location: 2F 3-2: Base on Balls
|
|
Batting: LHB Chris Cabrera
|
0-0: Ball 1-0: Ball 2-0: Fielders Choice at 2nd, 6-4 (Groundball, 6, EV 83.8 MPH)
|
|
Batting: LHB Mitchell Casey
|
0-0: DOUBLE (Flyball, 78D, EV 113.8 MPH) Chris Cabrera to third Runner from 3rd tries for Home, SAFE, throw by CF to home
|
|
Batting: RHB Sam Spohn
|
0-0: Ball 1-0: Foul Ball, location: 2F 1-1: SINGLE (Groundball, 4MD, EV 103.8 MPH) Mitchell Casey to third
|
|
Batting: RHB Joel Vazquez
|
0-0: Ball Wild Pitch! Mitchell Casey scores Sam Spohn to second 1-0: Swinging Strike 1-1: Ball 2-1: Swinging Strike 2-2: Strikes out swinging
|
|
Batting: RHB Ben Minge
|
0-0: Ball 1-0: Ball 2-0: Foul Ball, location: 2F 2-1: DOUBLE (Line Drive, 7LS, EV 114.4 MPH) Sam Spohn scores
|
|
Batting: LHB Josh Corkery
|
0-0: Foul Ball, location: 2F 0-1: Ball 1-1: Fly out, F7 (Line Drive, 7S, EV 94.4 MPH)
|
| Top of the 2nd over - 3 runs, 3 hits, 0 errors, 1 left on base; Corpus Christi 3 - Midland 0 |
| BOTTOM OF THE 2ND |
|
Midland RockHounds batting - Pitching for Corpus Christi Hooks : RHP Arturo Vargas
|
|
Batting: RHB Jonathan Gallup
|
0-0: Ball 1-0: Ball 2-0: SINGLE (Groundball, 56D, EV 103.1 MPH)
|
|
Batting: RHB Matt Sherard
|
0-0: SINGLE (Groundball, 6MD, EV 102.5 MPH) Jonathan Gallup to second
|
|
Batting: RHB Micah Roth
|
0-0: Foul Ball, location: 2F 0-1: Ball 1-1: Ball 2-1: Grounds into double play, 6-4-3 (Groundball, 6, EV 77.5 MPH) Jonathan Gallup to third
|
|
Batting: RHB Roger Simmons
|
0-0: Swinging Strike 0-1: Swinging Strike 0-2: Ball 1-2: Ball 2-2: Foul Ball, location: 2F 2-2: Strikes out looking
|
| Bottom of the 2nd over - 0 runs, 2 hits, 0 errors, 1 left on base; Corpus Christi 3 - Midland 0 |
| TOP OF THE 3RD |
|
Corpus Christi Hooks batting - Pitching for Midland RockHounds : LHP Katsumi Takaki
|
|
Batting: LHB Bob Dietz
|
0-0: Ball 1-0: Swinging Strike 1-1: Ball 2-1: Called Strike 2-2: Ball 3-2: Base on Balls
|
|
Batting: RHB Bruce Bermudez
|
0-0: SINGLE (Groundball, 6M, EV 101.9 MPH) (infield hit) Bob Dietz to second
|
|
Batting: LHB Mark Dearth
|
0-0: Called Strike 0-1: Ball 1-1: Called Strike 1-2: Ball 2-2: Strikes out looking
|
|
Batting: LHB Chris Cabrera
|
0-0: Foul Ball, location: 2F 0-1: Called Strike 0-2: Fly out, F2 (Popup, 25F, EV 85.6 MPH)
|
|
Batting: LHB Mitchell Casey
|
0-0: Ground out U3 (Groundball, 3S, EV 68.8 MPH)
|
| Top of the 3rd over - 0 runs, 1 hit, 0 errors, 2 left on base; Corpus Christi 3 - Midland 0 |
| BOTTOM OF THE 3RD |
|
Midland RockHounds batting - Pitching for Corpus Christi Hooks : RHP Arturo Vargas
|
|
Batting: RHB Gojko Golob
|
0-0: Foul Ball, location: 2F 0-1: Called Strike 0-2: Ball 1-2: Foul Ball, location: 2F 1-2: Strikes out swinging
|
|
Batting: LHB Jose Mojica
|
0-0: Called Strike 0-1: Ball 1-1: Foul Ball, location: 2F 1-2: Ball 2-2: DOUBLE (Line Drive, 89D, EV 100.6 MPH)
|
|
Batting: RHB Tony Crespo
|
0-0: TRIPLE (Flyball, 7D, EV 100.0 MPH) Jose Mojica scores
|
|
Batting: RHB Travis Robinson
|
0-0: Ball 1-0: Called Strike 1-1: Swinging Strike 1-2: Foul Ball, location: 2F 1-2: Fly out, F9 (Flyball, 9, EV 90.6 MPH)
|
|
Batting: LHB Tom Raupp
|
0-0: Foul Ball, location: 2F 0-1: Foul Ball, location: 2F 0-2: Ball 1-2: Strikes out looking
|
| Bottom of the 3rd over - 1 run, 2 hits, 0 errors, 1 left on base; Corpus Christi 3 - Midland 1 |
| TOP OF THE 4TH |
|
Corpus Christi Hooks batting - Pitching for Midland RockHounds : LHP Katsumi Takaki
|
|
Batting: RHB Sam Spohn
|
0-0: Ball 1-0: Fly out, F7 (Flyball, 7LMF, EV 70.6 MPH)
|
|
Batting: RHB Joel Vazquez
|
0-0: Ball 1-0: Ball 2-0: Ball 3-0: Base on Balls
|
|
Batting: RHB Ben Minge
|
0-0: Ball 1-0: SINGLE (Flyball, 89S, EV 95.0 MPH) Joel Vazquez to second Runner from 2nd tries for 3rd, SAFE, throw by CF made to third
|
|
Batting: LHB Josh Corkery
|
0-0: Ball 1-0: Called Strike 1-1: Ball 2-1: Foul Ball, location: 2F 2-2: Ball 3-2: SINGLE (Line Drive, 34D, EV 102.5 MPH) Joel Vazquez scores Ben Minge to second
|
|
Batting: LHB Bob Dietz
|
0-0: Ball 1-0: Fly out, F7 (Flyball, 7D, EV 98.1 MPH)
|
|
Batting: RHB Bruce Bermudez
|
0-0: Ball 1-0: Called Strike 1-1: Foul Ball, location: 2F 1-2: Fielders Choice at 2nd, 6-4 (Groundball, 6, EV 91.9 MPH)
|
| Top of the 4th over - 1 run, 2 hits, 0 errors, 2 left on base; Corpus Christi 4 - Midland 1 |
| BOTTOM OF THE 4TH |
|
Midland RockHounds batting - Pitching for Corpus Christi Hooks : RHP Arturo Vargas
|
|
Batting: RHB Jonathan Gallup
|
0-0: Called Strike 0-1: Fly out, F7 (Flyball, 78M, EV 80.0 MPH)
|
|
Batting: RHB Matt Sherard
|
0-0: Ground out 5-3 (Groundball, 56D, EV 109.4 MPH)
|
|
Batting: RHB Micah Roth
|
0-0: SINGLE (Line Drive, 7LM, EV 104.4 MPH)
|
|
Batting: RHB Roger Simmons
|
0-0: Called Strike 0-1: Called Strike 0-2: Ball 1-2: Foul Ball, location: 2F 1-2: Foul Ball, location: 2F 1-2: Ball 2-2: Ball 3-2: SINGLE (Groundball, 34, EV 105.6 MPH) (infield hit) Micah Roth to second
|
|
Batting: RHB Gojko Golob
|
0-0: Called Strike 0-1: Ball 1-1: Ball 2-1: Swinging Strike 2-2: Foul Ball, location: 2F 2-2: Strikes out swinging
|
| Bottom of the 4th over - 0 runs, 2 hits, 0 errors, 2 left on base; Corpus Christi 4 - Midland 1 |
| TOP OF THE 5TH |
|
Corpus Christi Hooks batting - Pitching for Midland RockHounds : LHP Katsumi Takaki
|
|
Batting: LHB Mark Dearth
|
0-0: Ball 1-0: Ball 2-0: SINGLE (Groundball, 6D, EV 98.8 MPH)
|
|
Batting: LHB Chris Cabrera
|
0-0: Ball 1-0: Called Strike 1-1: Called Strike 1-2: Strikes out swinging
|
|
Batting: LHB Mitchell Casey
|
0-0: Foul Ball, location: 2F 0-1: Grounds into double play, 4-6-3 (Groundball, 34, EV 81.9 MPH)
|
| Top of the 5th over - 0 runs, 1 hit, 0 errors, 0 left on base; Corpus Christi 4 - Midland 1 |
| BOTTOM OF THE 5TH |
|
Midland RockHounds batting - Pitching for Corpus Christi Hooks : RHP Arturo Vargas
|
|
Batting: LHB Jose Mojica
|
0-0: Foul Ball, location: 2F 0-1: Ball 1-1: Foul Ball, location: 2F 1-2: Ground out 1-3 (Groundball, 34S, EV 65.0 MPH)
|
|
Batting: RHB Tony Crespo
|
0-0: Swinging Strike 0-1: Ball 1-1: Foul Ball, location: 2F 1-2: Fly out, F8 (Line Drive, 8LM, EV 107.5 MPH)
|
|
Batting: RHB Travis Robinson
|
0-0: Swinging Strike 0-1: Foul Ball, location: 2F 0-2: Ground out 4-3 (Groundball, 4S, EV 89.4 MPH)
|
| Bottom of the 5th over - 0 runs, 0 hits, 0 errors, 0 left on base; Corpus Christi 4 - Midland 1 |
| TOP OF THE 6TH |
|
Corpus Christi Hooks batting - Pitching for Midland RockHounds : LHP Katsumi Takaki
|
|
Batting: RHB Sam Spohn
|
0-0: Ball 1-0: Ball 2-0: Swinging Strike 2-1: Bunt missed! 2-2: Fly out, F7 (Flyball, 78S, EV 90.0 MPH)
|
|
Batting: RHB Joel Vazquez
|
0-0: Foul Ball, location: 2F 0-1: Ball 1-1: Ball 2-1: Ball 3-1: Swinging Strike 3-2: Strikes out looking
|
|
Batting: RHB Ben Minge
|
0-0: Swinging Strike 0-1: SINGLE (Groundball, 4MD, EV 100.6 MPH)
|
|
Batting: LHB Josh Corkery
|
0-0: Ball 1-0: Called Strike 1-1: Foul Ball, location: 2F 1-2: Foul Ball, location: 2F 1-2: Strikes out swinging
|
| Top of the 6th over - 0 runs, 1 hit, 0 errors, 1 left on base; Corpus Christi 4 - Midland 1 |
| BOTTOM OF THE 6TH |
|
Midland RockHounds batting - Pitching for Corpus Christi Hooks : RHP Arturo Vargas
|
|
Batting: LHB Tom Raupp
|
0-0: Called Strike 0-1: Foul Ball, location: 2F 0-2: Foul Ball, location: 2F 0-2: Foul Ball, location: 2F 0-2: Strikes out swinging, 2-3 out at first.
|
|
Batting: RHB Jonathan Gallup
|
0-0: Ball 1-0: Ball 2-0: Called Strike 2-1: Ball 3-1: Fly out, F9 (Flyball, 9LS, EV 90.6 MPH)
|
|
Batting: RHB Matt Sherard
|
0-0: Called Strike 0-1: Ball 1-1: Swinging Strike 1-2: Ball 2-2: Strikes out swinging
|
| Bottom of the 6th over - 0 runs, 0 hits, 0 errors, 0 left on base; Corpus Christi 4 - Midland 1 |
| TOP OF THE 7TH |
|
Corpus Christi Hooks batting - Pitching for Midland RockHounds : LHP Katsumi Takaki
|
|
Batting: LHB Bob Dietz
|
0-0: Swinging Strike 0-1: Called Strike 0-2: Fly out, F8 (Flyball, 8RS, EV 92.5 MPH)
|
|
Batting: RHB Bruce Bermudez
|
0-0: Swinging Strike 0-1: Foul Ball, location: 2F 0-2: Foul Ball, location: 2F 0-2: Strikes out swinging
|
|
Batting: LHB Mark Dearth
|
0-0: Ball 1-0: Called Strike 1-1: Ball 2-1: Swinging Strike 2-2: Foul Ball, location: 2F 2-2: Foul Ball, location: 2F 2-2: Ball 3-2: Ground out 6-3 (Groundball, 6M, EV 88.1 MPH)
|
| Top of the 7th over - 0 runs, 0 hits, 0 errors, 0 left on base; Corpus Christi 4 - Midland 1 |
| BOTTOM OF THE 7TH |
|
Midland RockHounds batting - Pitching for Corpus Christi Hooks : RHP Arturo Vargas
|
|
Batting: RHB Micah Roth
|
0-0: Ball 1-0: Swinging Strike 1-1: Ground out 4-3 (Groundball, 4MD, EV 100.0 MPH)
|
|
Batting: RHB Roger Simmons
|
0-0: Ball 1-0: Foul Ball, location: 2F 1-1: Ground out 4-3 (Groundball, 4, EV 78.8 MPH)
|
|
Batting: RHB Gojko Golob
|
0-0: Ball 1-0: Called Strike 1-1: Swinging Strike 1-2: Ball 2-2: Strikes out looking
|
| Bottom of the 7th over - 0 runs, 0 hits, 0 errors, 0 left on base; Corpus Christi 4 - Midland 1 |
| TOP OF THE 8TH |
|
Corpus Christi Hooks batting - Pitching for Midland RockHounds : LHP Katsumi Takaki
|
|
Pitching: LHP John Salzmann
|
|
|
Batting: LHB Chris Cabrera
|
0-0: Called Strike 0-1: Swinging Strike 0-2: Ball 1-2: Ball 2-2: Ball 3-2: Foul Ball, location: 2F 3-2: Foul Ball, location: 2F 3-2: Foul Ball, location: 2F 3-2: Ground out 5-3 (Groundball, 56S, EV 66.2 MPH)
|
|
Batting: LHB Mitchell Casey
|
0-0: Called Strike 0-1: Swinging Strike 0-2: Strikes out swinging
|
|
Batting: RHB Sam Spohn
|
0-0: Foul Ball, location: 2F 0-1: Swinging Strike 0-2: Strikes out swinging, 2-3 out at first.
|
| Top of the 8th over - 0 runs, 0 hits, 0 errors, 0 left on base; Corpus Christi 4 - Midland 1 |
| BOTTOM OF THE 8TH |
|
Midland RockHounds batting - Pitching for Corpus Christi Hooks : RHP Arturo Vargas
|
|
Pitching: RHP Zack Evans
|
|
|
Now at 2B: Masaru Konno
|
|
|
Batting: LHB Jose Mojica
|
0-0: Called Strike 0-1: Swinging Strike 0-2: Ball 1-2: Ground out 6-3 (Groundball, 6, EV 104.4 MPH)
|
|
Batting: RHB Tony Crespo
|
0-0: Called Strike 0-1: Swinging Strike 0-2: Foul Ball, location: 2F 0-2: TRIPLE (Flyball, 9D, EV 99.4 MPH)
|
|
Batting: RHB Travis Robinson
|
0-0: Called Strike 0-1: Foul Ball, location: 2F 0-2: Ball 1-2: Foul Ball, location: 2F 1-2: DOUBLE (Groundball, 5L, EV 103.1 MPH) Tony Crespo scores
|
|
Batting: LHB Tom Raupp
|
0-0: Called Strike 0-1: Foul Ball, location: 2F 0-2: Ball 1-2: Foul Ball, location: 2F 1-2: Strikes out swinging
|
|
Batting: RHB Jonathan Gallup
|
0-0: Ground out 6-3 (Groundball, 56, EV 92.5 MPH)
|
| Bottom of the 8th over - 1 run, 2 hits, 0 errors, 1 left on base; Corpus Christi 4 - Midland 2 |
| TOP OF THE 9TH |
|
Corpus Christi Hooks batting - Pitching for Midland RockHounds : LHP John Salzmann
|
|
Batting: RHB Joel Vazquez
|
0-0: Ball 1-0: Ball 2-0: Foul Ball, location: 2F 2-1: Fly out, F8 (Flyball, 8LM, EV 95.6 MPH)
|
|
Batting: RHB Ben Minge
|
0-0: Fly out, F9 (Flyball, 89M, EV 90.0 MPH)
|
|
Batting: LHB Josh Corkery
|
0-0: Called Strike 0-1: Ground out 6-3 (Groundball, 6, EV 85.0 MPH)
|
| Top of the 9th over - 0 runs, 0 hits, 0 errors, 0 left on base; Corpus Christi 4 - Midland 2 |
| BOTTOM OF THE 9TH |
|
Midland RockHounds batting - Pitching for Corpus Christi Hooks : RHP Zack Evans
|
|
Pitching: LHP Miguel Yepez
|
|
|
Batting: RHB Matt Sherard
|
0-0: Called Strike 0-1: Foul Ball, location: 2F 0-2: Ball 1-2: Foul Ball, location: 2F 1-2: Ball 2-2: Ball 3-2: Foul Ball, location: 2F 3-2: Base on Balls
|
|
Batting: RHB Micah Roth
|
0-0: Ball 1-0: Fly out, F9 (Flyball, 9D, EV 100.0 MPH)
|
|
Batting: RHB Roger Simmons
|
0-0: Grounds into double play, 6-4-3 (Groundball, 56, EV 108.8 MPH)
|
| Bottom of the 9th over - 0 runs, 0 hits, 0 errors, 0 left on base; Corpus Christi 4 - Midland 2 |
|